 Dungeon Crawl Stone Soup version 0.28.0-43-g3370ac3207 (webtiles) character file.

Game seed: 7470418129467694975

67 Zonian the Ducker (level 3, -5/28 HPs)
             Began as a Demonspawn Gladiator on Mar 6, 2022.
             Was an Initiate of Gozag.
             Slain by Sigmund
             ... wielding a +0 scythe
              (8 damage)
             ... on level 2 of the Dungeon.
             The game lasted 00:02:49 (1800 turns).

Zonian the Ducker (Demonspawn Gladiator)            Turns: 1800, Time: 00:02:51

Health: -5/28      AC:  4    Str: 14    XL:     3   Next: 98%
Magic:  3/3        EV: 12    Int: 11    God:    Gozag
Gold:   143        SH:  0    Dex: 14    Spells: 2/2 levels left

rFire   . . .      SeeInvis .   a - +0 rapier
rCold   . . .      Faith    .   (no shield)
rNeg    . . .      Spirit   .   b - +0 leather armour
rPois   .          Reflect  .   c - +0 helmet
rElec   .          Harm     .   (no cloak)
rCorr   .          Rampage  .   (no gloves)
Will    .....                   (no boots)
Stlth   +.........              (no amulet)
HPRegen 0.09/turn               (no ring)
MPRegen 0.08/turn               (no ring)

@: brilliant, gold aura, attractive
A: claws 2
a: Renounce Religion, Potion Petition, Call Merchant, Bribe Branch


You were on level 2 of the Dungeon.
You worshipped Gozag.
Gozag was aware of your devotion.
You visited 1 branch of the dungeon, and saw 2 of its levels.

You collected 143 gold pieces.

Inventory:

Hand Weapons
 a - a +0 rapier (weapon)
Armour
 b - a +0 leather armour (worn)
 c - a +0 helmet (worn)
Magical Staves
 j - a staff of fire
Scrolls
 i - a scroll of immolation
 k - a scroll of amnesia {unknown}
Potions
 f - a potion of brilliance


   Skills:
 + Level 2.7 Fighting
 + Level 3.1 Short Blades
 + Level 2.4 Throwing
 + Level 3.2 Dodging


You had 2 spell levels left.
You didn't know any spells.
Your spell library was empty.

Dungeon Overview and Level Annotations

Branches:
Dungeon (2/15)

Altars:
Gozag

Annotations:
D:2 Sigmund


Innate Abilities, Weirdness & Mutations

You have very sharp fingernails.


Message History

Sigmund shouts!
The ball python hisses angrily.
Unknown command.
Okay, then.
Unknown command.
The ball python bites you but does no damage.
The ball python grabs you. The ball python constricts you.
You puncture the ball python!
You kill the ball python!
Sigmund mumbles some strange words.
Sigmund flickers and vanishes!
Deactivating autopickup; reactivate with Ctrl-A.
You see here 8 gold pieces.
Unknown command.
Throw: throwing net
Press: ? - help, Q - select action, (/) - cycle Shift-Dir - straight line You throw a throwing net.
Something hits you.
Unknown command.
You miss something. You barely miss something. Something hits you.
You hit something but do no damage. Something hits you but does no damage.
You miss something. You barely miss something. Something hits you!
You hit something. Something hits you.
* * * LOW HITPOINT WARNING * * *
Unknown command.
It was a potion of brilliance.
You feel clever all of a sudden. Something barely misses you.
It was a potion of attraction.
You feel attractive to monsters.
It was a potion of curing.
You feel better. Something hits you!
* * * LOW HITPOINT WARNING * * *
As you read the scroll labelled UKHINI URGHYUKU, it crumbles to dust.
You hear a loud clanging noise!
It was a scroll of noise.
You hear an angry hiss.
You hear a shout!
Something hits you!
You die...
Your body crumbles into a pile of gold.

.......# .......# ###
.......# #.#
.#.....##### #.#
...........###.#
........#......#
.#.#.#..###.##.#
........###.##.#####
.........(.....{@..# $
.#.#.#.####....#####
.......# #....#
.......# #.......[.#
#.....................
..............@(.S....
####............###.##
###.########.# # # ...
..


There were no monsters in sight!

Vanquished Creatures
  Terence (D:2)
  An adder (D:2)
  A dart slug (D:1)
  2 endoplasms (D:1)
  A giant cockroach (D:2)
  4 goblins (D:1)
  4 hobgoblins
  2 jackals (D:2)
  2 kobolds
  A quokka (D:2)
  3 ball pythons (D:2)
  3 frilled lizards
  4 rats
29 creatures vanquished.

Notes
Turn   | Place    | Note
-------+----------+-------------------------------------------
     0 | D:1      | Zonian the Demonspawn Gladiator began the quest for the
                  | Orb.
     0 | D:1      | Reached XP level 1. HP: 16/16 MP: 1/1
   695 | D:1      | Gained mutation: You have sharp fingernails. [demonic
                  | ancestry]
   695 | D:1      | Reached XP level 2. HP: 19/22 MP: 2/2
   739 | D:1      | Found a faded altar of an unknown god.
   825 | D:1      | Prayed at the altar of an unknown god.
   825 | D:1      | Became a worshipper of Gozag Ym Sagoz the Greedy
  1094 | D:1      | Gained mutation: You have very sharp fingernails. [demonic
                  | ancestry]
  1094 | D:1      | Reached XP level 3. HP: 14/28 MP: 3/3
  1404 | D:2      | Noticed Terence
  1426 | D:2      | Killed Terence
  1781 | D:2      | Noticed Sigmund
  1800 | D:2      | Slain by Sigmund

Illustrated notes

Levels and vault maps discovered:
D:1:      grunt_arrival_crossed_arrows, layout_basic,
          hellmonk_ecumenical_altar_blasted
D:2:      layout_basic, basic_altar, uniq_terence, uniq_sigmund

Skill      XL: |  1  2 |
---------------+-------+-----
Throwing       | 2 |  2.4
Short Blades   | 3 |  3.1
Dodging        | 3 |  3.2
Fighting       | |  2.7

Action                   || total
-------------------------++-------
Melee: Rapier            ||   109
Throw: Throwing net      ||     3
  Use: Potion            ||     3
       Scroll            ||     1
 Stab: Held in net/web   ||     2
Armor: Leather armour    ||    31
Dodge: Dodged            ||    63
